 Dungeon Sprint DCSS version 0.23.0 (webtiles) character file.

Game seed: 1272514032839864388

48000000 Fang the Conqueror (level 27, 215/249 HPs)
             Began as a Demonspawn Gladiator on Feb 11, 2019.
             Was the Champion of Makhleb.
             Escaped with the Orb!
             The game lasted 00:03:05 (240 turns).

Fang the Conqueror (Demonspawn Gladiator)            Turns: 240, Time: 00:03:06

Health: 215/249    AC:  8    Str: 23    XL:     27
Magic:  54/54      EV: 32    Int: 12    God:    Makhleb [******]
Gold:   0          SH:  8    Dex: 17    Spells: 80/80 levels left

rFire    + . .     SeeInvis +   l - +∞ Axe of Woe
rCold    . . .     Gourm    .   (shield currently unavailable)
rNeg     . . .     Faith    .   b - +0 leather armour
rPois    .         Spirit   .   c - +0 helmet
rElec    .         Reflect  .   (no cloak)
rCorr    .         Harm     .   (no gloves)
MR       ++...     NoTele   +   (boots unavailable)
Stlth    ++++......             (no amulet)
HPRegen  0.51/turn              o - ring of see invisible
MPRegen  0.34/turn              m - +30 ring of slaying

@: no status effects
A: talons 3, large bone plates 3, fire resistance 1, ignite blood, nightstalker
3, augmentation 3, flame cloud immunity
0: Orb of Zot
a: Minor Destruction, Lesser Servant of Makhleb, Major Destruction, Greater
Servant of Makhleb, Renounce Religion


You escaped.
You worshipped Makhleb.
Makhleb was exalted by your worship.
You were not hungry.

You visited 1 branch

Inventory:

Hand Weapons
 a - a +0 war axe
 l - the +∞ Axe of Woe (weapon)
   (You found it in the Dungeon)
Missiles
 d - 3 throwing nets (quivered)
Armour
 b - a +0 leather armour (worn)
 c - a +0 helmet (worn)
Jewellery
 m - a +30 ring of slaying (right hand)
 n - a +30 ring of slaying
 o - a ring of see invisible (left hand)
 p - a +30 ring of slaying
 q - a +30 ring of slaying
 r - a +30 ring of slaying
 s - a +30 ring of slaying
 t - a +30 ring of slaying
 u - a +30 ring of slaying
 v - a +30 ring of slaying
Scrolls
 k - a scroll of blinking
Potions
 e - a potion of curing
 g - a potion of heal wounds
 h - a potion of haste
 i - 2 potions of magic
 j - a potion of berserk rage
Comestibles
 f - a ration


   Skills:
 O Level 27 Fighting
 O Level 27 Axes
 O Level 27 Throwing
 O Level 27 Armour
 O Level 27 Dodging
 O Level 27 Stealth
 O Level 27 Shields
 O Level 27 Unarmed Combat
 O Level 27 Spellcasting
 O Level 27 Invocations


You had 80 spell levels left.
You didn't know any spells.
Your spell library was empty.

Dungeon Overview and Level Annotations

Branches:
Dungeon (1/1)

Altars:
Makhleb


Innate Abilities, Weirdness & Mutations

You have claws for feet.
You are completely covered in large bone plates. (SH +8)
Your flesh is heat resistant. (rF+)
Your demonic aura causes spilled blood to erupt in flames.
You are completely attuned to the shadows.
Your magical and physical power is greatly enhanced at high health.
You are immune to clouds of flame.


Message History

You hear a shout! x5
There is a burning altar of Makhleb here.
You hear a shout! x2
The bag of meat is engulfed in blazing flames.
You hear a shout! x5
You hear a shout! x2
A bag of meat comes into view. It is wielding a +9 war axe.
You hear a shout!
The bag of meat is engulfed in blazing flames.
The bag of meat hits you with a +9 war axe.
There is a staircase leading out of the dungeon, spattered with blood here.
Things that are here:
a +9 war axe; a +30 ring of slaying; a bag of meat corpse You can't go down here!
You can't go down here!
You hear a shout!
The bag of meat is engulfed in blazing flames. x2
The bag of meat hits you with a +9 war axe!!
You hear a shout!
You have escaped!

................)...
...............))...
.....)..#....)))#...
..#...).#))...))#....
....))###).).)).###..
....)))))).###.)....
...#))))...)_.......
.#.......#.§§..#....
........).#_.@§_#....
..#....)..#oo§§)#....
...○#)))..)°)_.......
...))))).))°###......
...))).###.......###..
.........#.......# .
.........#.......#
#.................
.........


You could see 2 bags of meat.

Vanquished Creatures
  Dispater (D)
  114 orcs (D)
  4 vampire knights (D)
  19 ogres (D)
  3 two-headed ogres (D)
141 creatures vanquished.

Vanquished Creatures (others)
  A ball lightning (D)
1 creature vanquished.

Grand Total: 142 creatures vanquished

Notes
Turn   | Place    | Note
-------+----------+-------------------------------------------
     0 | D        | Found the +∞ Axe of Woe
     0 | D        | Fang the Demonspawn Gladiator began the quest for the Orb.
     0 | D        | Reached XP level 1. HP: 16/16 MP: 1/1
     4 | D        | Became a worshipper of Makhleb the Destroyer
     5 | D        | Noticed a bag of meat
     7 | D        | Noticed a bag of meat
     8 | D        | Noticed a bag of meat
    10 | D        | Killed a bag of meat
    10 | D        | Gained mutation: You are partially covered in large bone
                  | plates. (SH +4) [demonic ancestry]
    10 | D        | Reached XP level 2. HP: 43/43 MP: 2/2
    10 | D        | Gained mutation: You are slightly more attuned to the
                  | shadows. [demonic ancestry]
    10 | D        | Reached XP level 3. HP: 49/49 MP: 3/3
    10 | D        | Reached XP level 4. HP: 56/56 MP: 4/4
    10 | D        | Reached XP level 5. HP: 62/62 MP: 5/5
    10 | D        | Gained mutation: Your flesh is heat resistant. (rF+)
                  | [demonic ancestry]
    10 | D        | Reached XP level 6. HP: 69/69 MP: 6/6
    10 | D        | Gained mutation: You have sharp toenails. [demonic
                  | ancestry]
    10 | D        | Reached XP level 7. HP: 75/75 MP: 7/7
    10 | D        | Reached XP level 8. HP: 82/82 MP: 8/8
    10 | D        | Gained mutation: You are immune to clouds of flame.
                  | [demonic ancestry]
    10 | D        | Reached XP level 9. HP: 88/88 MP: 9/9
    10 | D        | Gained mutation: You are significantly more attuned to the
                  | shadows. [demonic ancestry]
    10 | D        | Reached XP level 10. HP: 95/95 MP: 10/10
    10 | D        | Reached XP level 11. HP: 101/101 MP: 11/11
    11 | D        | Killed a bag of meat
    11 | D        | Reached * piety under Makhleb
    11 | D        | Reached skill level 15 in Axes
    11 | D        | Reached skill level 15 in Throwing
    11 | D        | Reached skill level 15 in Dodging
    11 | D        | Reached XP level 12. HP: 113/113 MP: 12/12
    12 | D        | Noticed a bag of meat
    13 | D        | Killed a bag of meat
    13 | D        | Reached XP level 13. HP: 94/122 MP: 13/13
    14 | D        | Noticed a bag of meat
    14 | D        | Noticed a bag of meat
    16 | D        | Noticed a bag of meat
    18 | D        | Killed a bag of meat
    18 | D        | Reached XP level 14. HP: 104/133 MP: 14/14
    19 | D        | Killed a bag of meat
    19 | D        | Reached ** piety under Makhleb
    20 | D        | Killed a bag of meat
    20 | D        | Gained mutation: You are mostly covered in large bone
                  | plates. (SH +6) [demonic ancestry]
    20 | D        | Reached XP level 15. HP: 144/144 MP: 15/15
    34 | D        | Noticed a meat berserker
    34 | D        | Noticed a meat berserker
    37 | D        | Killed a meat berserker
    37 | D        | Reached *** piety under Makhleb
    37 | D        | Gained mutation: You have razor-sharp toenails. [demonic
                  | ancestry]
    37 | D        | Reached XP level 16. HP: 157/157 MP: 16/16
    37 | D        | Killed a meat berserker
    39 | D        | Reached XP level 17. HP: 169/169 MP: 17/17
    39 | D        | Reached **** piety under Makhleb
    41 | D        | Reached skill level 27 in Fighting
    43 | D        | Gained mutation: You are completely attuned to the shadows.
                  | [demonic ancestry]
    43 | D        | Reached XP level 18. HP: 163/182 MP: 18/18
    43 | D        | Reached ***** piety under Makhleb
    43 | D        | Reached skill level 27 in Axes
    43 | D        | Reached skill level 27 in Throwing
    43 | D        | Reached skill level 27 in Dodging
    43 | D        | Reached skill level 5 in Armour
    43 | D        | Reached skill level 5 in Unarmed Combat
    43 | D        | Reached skill level 5 in Spellcasting
    44 | D        | Noticed a meat berserker
    46 | D        | Noticed a destroyer
    47 | D        | Killed a meat berserker
    47 | D        | Gained mutation: You have claws for feet. [demonic
                  | ancestry]
    47 | D        | Reached XP level 19. HP: 189/189 MP: 18/35
    48 | D        | Killed a destroyer
    48 | D        | Reached skill level 15 in Armour
    48 | D        | Reached skill level 15 in Unarmed Combat
    48 | D        | Reached skill level 15 in Spellcasting
    58 | D        | Noticed a meat berserker
    60 | D        | Noticed a meat berserker
    61 | D        | Killed a meat berserker
    61 | D        | Gained mutation: You are completely covered in large bone
                  | plates. (SH +8) [demonic ancestry]
    61 | D        | Reached XP level 20. HP: 197/197 MP: 22/41
    61 | D        | Reached ****** piety under Makhleb
    62 | D        | Noticed a meat berserker
    63 | D        | Noticed a meat berserker
    63 | D        | Killed a meat berserker
    64 | D        | Killed a meat berserker
    64 | D        | Reached skill level 27 in Invocations
    64 | D        | Gained mutation: Your magical and physical power is
                  | slightly enhanced at high health. [demonic ancestry]
    64 | D        | Reached XP level 21. HP: 204/204 MP: 22/46
    66 | D        | Noticed a destroyer
    67 | D        | Gained mutation: Your magical and physical power is
                  | enhanced at high health. [demonic ancestry]
    67 | D        | Reached XP level 22. HP: 212/212 MP: 23/50
    69 | D        | Reached skill level 27 in Stealth
    71 | D        | Reached skill level 27 in Armour
    71 | D        | Reached skill level 27 in Unarmed Combat
    71 | D        | Reached skill level 27 in Spellcasting
    71 | D        | Noticed a destroyer
    73 | D        | Noticed a large bag of meat
    73 | D        | Noticed a destroyer
    74 | D        | Killed a destroyer
    74 | D        | Reached XP level 23. HP: 146/219 MP: 25/54
    76 | D        | Noticed a large bag of meat
    76 | D        | Gained mutation: Your magical and physical power is greatly
                  | enhanced at high health. [demonic ancestry]
    76 | D        | Reached XP level 24. HP: 227/227 MP: 25/54
    81 | D        | Killed a large bag of meat
    81 | D        | Reached XP level 25. HP: 234/234 MP: 26/54
    81 | D        | Killed a destroyer
    81 | D        | Killed a destroyer
    82 | D        | Reached XP level 26. HP: 242/242 MP: 27/54
    84 | D        | Killed a large bag of meat
    87 | D        | Gained mutation: Your demonic aura causes spilled blood to
                  | erupt in flames. [demonic ancestry]
    87 | D        | Reached XP level 27. HP: 249/249 MP: 28/54
   154 | D        | Reached skill level 27 in Shields
   205 | D        | Noticed a large bag of meat
   213 | D        | Killed a large bag of meat
   214 | D        | Noticed The Meatlord
   222 | D        | Killed The Meatlord
   223 | D        | Got the Orb of Zot
   240 | D        | Escaped with the Orb!

Skill      XL: |  1  2  3  4  5  6  7  8  9 10 11 12 13 14 15 16 17 18 19 20 21 22 23 24 25 26 27 |
---------------+----------------------------------------------------------------------------------+-----
Fighting       | 14 16 18 19 21 23 25 27 | 27.0
Axes           | 13 15 17 18 19 22 23 26 27 | 27.0
Throwing       | 13 15 16 18 19 21 23 26 27 | 27.0
Dodging        | 13 15 17 18 19 22 23 26 27 | 27.0
Armour         | 12 17 21 24 27 | 27.0
Stealth        | 12 19 23 26 27 | 27.0
Unarmed Combat | 12 17 21 24 27 | 27.0
Spellcasting   | 12 17 21 24 27 | 27.0
Invocations    | 16 23 27 | 27.0
Shields        | 27 | 27.0

Action                   |  1- 3 |  4- 6 |  7- 9 | 10-12 | 13-15 | 16-18 | 19-21 | 22-24 | 25-27 || total
-------------------------+-------+-------+-------+-------+-------+-------+-------+-------+-------++-------
Melee: Executioner's axe |     1 |       |       |     2 |     5 |     6 |     8 |    12 |    44 ||    78
Armor: Leather armour    |       |       |       |       |       |       |       |       |     1 ||     1
Dodge: Dodged            |       |       |       |       |       |     2 |     1 |     1 |     9 ||    13
Block: Other             |       |       |       |       |       |       |       |     1 |     3 ||     4
